 Dungeon Crawl Stone Soup version 0.30-a0-845-g7c6808c8ce (webtiles) character file.

Game seed: 393855437846720297

24527 cheesebisquit the Grappler (level 12, -7/119 HPs)
             Began as a Troll Fighter on Mar 2, 2023.
             Was a High Priest of Fedhas.
             Mangled by a tarantella (14 damage)
             ... on level 2 of the Lair of Beasts.
             The game lasted 01:00:49 (12876 turns).

cheesebisquit the Grappler (Troll Fighter)         Turns: 12876, Time: 01:00:49

Health: -7/119     AC: 14    Str: 31    XL:     12   Next: 81%
Magic:  12/14      EV:  9    Int:  4    God:    Fedhas [*****.]
Gold:   2452       SH:  0    Dex:  9    Spells: 11/11 levels left

rFire   . . .      SeeInvis +      - Unarmed
rCold   . . .      Faith    .    b - +1 kite shield
rNeg    . . .      Spirit   .    H - +1 acid dragon scales
rPois   .          Reflect  +    (helmet restricted)
rElec   .          Rampage  .    V - +2 cloak
rCorr   +                        (gloves unavailable)
Will    +....                    (boots unavailable) Stlth
                                 q - amulet of reflection
HPRegen 1.19/turn                j - ring of willpower
MPRegen 0.14/turn                y - ring of see invisible

@: confused, marked, studying Armour
A: large, unfitting armour, claws 3, regeneration 1, shaggy fur 1, tough skin 1
a: Renounce Religion, Wall of Briars, Grow Ballistomycete, Overgrow, Grow Oklob


You were on level 2 of the Lair of Beasts.
You worshipped Fedhas.
Fedhas was extremely pleased with you.
You visited 3 branches of the dungeon, and saw 15 of its levels.
You also visited: Sewer.

You collected 2452 gold pieces.

Inventory:

Hand Weapons
 t - a +0 heavy morningstar
Missiles
 z - a curare-tipped dart
 B - 26 poisoned darts (quivered)
 C - a silver javelin
 E - 4 datura-tipped darts
 K - 5 atropa-tipped darts
 Q - 2 boomerangs
 S - 63 stones
Armour
 b - a +1 kite shield (worn)
 H - +1 acid dragon scales (worn)
 V - a +2 cloak (worn)
Jewellery
 a - an amulet of guardian spirit
 j - a ring of willpower (left claw)
 n - a ring of flight
 q - an amulet of reflection (around neck)
 y - a ring of see invisible (right claw)
 F - a ring of poison resistance
 G - a ring of protection from fire
 I - a +5 ring of evasion
 O - an amulet of the acrobat
 P - a +6 ring of intelligence
 U - a ring of wizardry
Wands
 c - a wand of quicksilver (5)
 r - a wand of iceblast (17)
 s - a wand of polymorph (4)
Scrolls
 f - 2 scrolls of magic mapping
 h - a scroll of fog
 i - 15 scrolls of teleportation
 l - a scroll of butterflies
 m - 2 scrolls of identify
 o - 2 scrolls of amnesia
 u - 4 scrolls of blinking
 J - 5 scrolls of immolation
 M - a scroll of fear
Potions
 d - 4 potions of brilliance
 e - 4 potions of haste
 g - 5 potions of lignification
 k - a potion of curing
 v - a potion of berserk rage
 x - 4 potions of mutation
 D - a potion of magic
 L - a potion of resistance
 N - 4 potions of attraction
 T - 2 potions of ambrosia
 W - 2 potions of cancellation


   Skills:
 + Level 8.0 Fighting
 + Level 8.2 Throwing
 + Level 7.5 Armour
 + Level 3.8 Dodging
 + Level 8.8 Shields
 * Level 13.0 Unarmed Combat
 + Level 4.2 Invocations


You had 11 spell levels left.
You didn't know any spells.
Your spell library contained the following spells:

 Spells                   Type           Power      Damage    Failure   Level
 Magic Dart               Conj           0%         1d3       78%         1
 Slow                     Hex            0%         N/A       78%         1
 Blink                    Tloc           0%         N/A       89%         2
 Call Imp                 Summ           0%         N/A       89%         2
 Cigotuvi's Dreadful Rot  Necr/Pois/Air  0%         N/A       89%         2
 Ensorcelled Hibernation  Hex/Ice        0%         N/A       89%         2
 Poisonous Vapours        Pois/Air       0%         N/A       89%         2
 Confusing Touch          Hex            0%         N/A       98%         3
 Dazzling Flash           Conj/Hex       0%         N/A       98%         3
 Mephitic Cloud           Conj/Pois/Air  0%         N/A       98%         3
 Spider Form              Tmut/Pois      0%         N/A       98%         3
 Vampiric Draining        Necr           0%         2d6       98%         3
 Vhi's Electric Charge    Tloc/Air       0%         N/A       98%         3
 Anguish                  Hex/Necr       0%         N/A       100%        4
 Animate Dead             Necr           0%         N/A       100%        4
 Iskenderun's Mystic Bla  Conj/Tloc      0%         2d3       100%        4
 Manifold Assault         Tloc           0%         N/A       100%        4
 Agony                    Necr           0%         N/A       100%        5
 Arcjolt                  Conj/Air       0%         1d10      100%        5
 Silence                  Hex/Air        0%         N/A       100%        5
 Starburst                Conj/Fire      0%         6d3       100%        6
 Haunt                    Necr/Summ      0%         N/A       100%        7
 Storm Form               Tmut/Air       0%         N/A       100%        7
 Infestation              Necr           0%         N/A       100%        8
 Maxwell's Capacitive Co  Air            0%         ∞         100%        8
 Chain Lightning          Conj/Air       0%         N/A       100%        9
 Fire Storm               Conj/Fire      0%         5d1       100%        9
 Shatter                  Erth           0%         3d5*      100%        9


Dungeon Overview and Level Annotations

Branches:
Dungeon (12/15)            Temple (1/1) D:5            Lair (2/5) D:9
  Swamp (0/4) Lair:2       Spider (0/4) Lair:2          Orc (0/2) D:9
  Sewer (visited)

Altars:
Ashenzari
Cheibriados
Dithmenos
Elyvilon
Fedhas
Gozag
Hepliaklqana
Kikubaaqudgha
Makhleb
Nemelex Xobeh
Okawaru
Qazlal
Ru
Sif Muna
Trog
Uskayaw
Vehumet
Wu Jian
Xom
Yredelemnul
Zin
The Shining One

Shops:
D:10 (


Innate Abilities, Weirdness & Mutations

You are too large for most types of armour.
You have claws for hands.
Your natural rate of healing is unusually fast.
You are covered in fur. (AC +1)
You have tough skin. (AC +1)


Message History

Your briar patch is destroyed!
Your briar patch disappears in a puff of smoke!
The tarantella touches your briar patch but does no damage.
You walk carefully through the plants.
The yak attacks as you move away! The yak barely misses you.
The tarantella barely misses you.
The tarantella touches you but does no damage.
The water moccasin bites you. The tarantella touches you!
You are more confused.
The yak barely misses you.
The tarantella touches you but does no damage.
The water moccasin bites you.
You miss the water moccasin.
The water moccasin is heavily wounded.
The tarantella touches you.
You are more confused.
The tarantella touches you.
The water moccasin bites you but does no damage.
You completely miss the tarantella.
The tarantella is heavily wounded.
The tarantella touches you! The tarantella closely misses you.
The water moccasin barely misses you. The yak gores your briar patch!
The tarantella touches you but does no damage.
The tarantella touches you!
You are more confused.
The water moccasin is struck by your briar patch's thorns.
The water moccasin bites your briar patch but does no damage.
The tarantella touches you! x2
* * * LOW HITPOINT WARNING * * *
The water moccasin is struck by your briar patch's thorns.
The water moccasin dies!
Fedhas appreciates your contribution to the ecosystem.
The yak gores you.
* * * LOW HITPOINT WARNING * * *
The yak gores you but does no damage. The yak gores you!
* * * LOW HITPOINT WARNING * * *
The tarantella touches you!
* * * LOW HITPOINT WARNING * * *
The tarantella touches you!
You die...
Fedhas appreciates your contribution to the ecosystem.

*,,...........###.#,,.#..,*,,,**,
,*,...........##..###....,,*,,,,,
**,...............#......,*,,,*,,
***,..........#.......>..,,,,,,*,
**,,...§....P.###†.......,*,,,,,,
,,,,*...#.....##P.###....,,*,,,,*
,,,**.§≈##.....#..#...#..,,,,,,,*
****,≈≈~~##...##ss....#,.,,,*,,,,
***,~~~~~~#....Y@PYS..#,,,,***,,,
*,**,~~~~*#....Y#Y#.#....,** ***,
,*,**,~~*#.......Y#....$.,* *,,
*,,,**,**...........#P.#.** **,
,,,***,*,..............#** *,,
,,***,**,............,## *,,
,***,***,............#*** ***
,**,,,**,.............*,** *
,,**∩**,,,....$........,,* ****


You could see 5 yaks, 2 tarantellas and a water moccasin.

Vanquished Creatures
  A hydra (D:8)
  2 two-headed ogres
  A pharaoh ant (Lair:2)
  The ghost of monoptic the Poker, a novice HOFi of Okawaru (D:7)
  5 skeletal warriors
  2 wolf spiders (Lair:1)
  A cyclops (D:12)
  A black mamba (Lair:1)
  A torpor snail (Lair:2)
  4 cane toads
  Maggie (D:6)
  4 unseen horrors
  A kobold demonologist (D:9)
  A rime drake (D:9)
  2 trolls
  2 polar bears
  A vampire (D:11)
  Sigmund (D:4)
  A shadow (D:9)
  Eustachio (D:6)
  A wraith (D:10)
  3 wyverns
  23 yaks
  2 redbacks (Lair:2)
  A vampire mosquito (D:12)
  A basilisk (Lair:1)
  3 steam dragons
  Edmund (D:5)
  2 acid dragons
  7 water moccasins
  Duvessa (D:4)
  Pargi (Sewer)
  2 black bears
  6 ice beasts
  3 sky beasts
  4 orc warriors
  An ogre (D:6)
  8 wolves
  4 centaurs
  5 kobold brigands
  Blork the orc (D:5)
  10 bullfrogs
  2 gnoll sergeants
  4 scorpions
  11 wights
  Dowan (D:4)
  2 killer bees (D:8)
  A troll skeleton (D:11)
  5 spriggan skeletons (D:11)
  3 howler monkeys
  A bullfrog skeleton (D:6)
  A bullfrog zombie (D:6)
  2 jellies
  Crazy Yiuf (D:4)
  8 hounds
  6 orc priests
  A gnoll bouda (D:9)
  2 iguanas
  8 orc wizards
  A killer bee zombie (D:6)
  12 gnolls
  5 adders
  2 shadow imps (D:8)
  A white imp (D:8)
  A worm (D:2)
  2 dart slugs
  46 orcs
  7 endoplasms
  3 giant cockroaches
  8 goblins
  9 hobgoblins
  4 quokkas
  8 ball pythons
  6 bats
  5 frilled lizards
  17 kobolds
320 creatures vanquished.

Vanquished Creatures (collateral kills)
  A rime drake (Lair:2)
  2 yaks
  A water moccasin (Lair:2)
  A wight (D:8)
  A gnoll (D:9)
  A white imp (D:8)
7 creatures vanquished.

Vanquished Creatures (others)
  A sleepcap (D:6)
  A white imp (D:8)
  4 fungi
6 creatures vanquished.

Grand Total: 333 creatures vanquished

Notes
Turn   | Place    | Note
-------+----------+-------------------------------------------
     0 | D:1      | cheesebisquit the Troll Fighter began the quest for the
                  | Orb.
     0 | D:1      | Reached XP level 1. HP: 22/22 MP: 0/0
   134 | D:1      | Reached XP level 2. HP: 29/29 MP: 1/1
   806 | D:2      | Reached XP level 3. HP: 35/36 MP: 2/2
   890 | D:2      | Reached skill level 3 in Unarmed Combat
  1591 | D:3      | Reached skill level 1 in Throwing
  1591 | D:3      | Reached XP level 4. HP: 32/44 MP: 3/3
  1700 | D:3      | Reached XP level 5. HP: 49/53 MP: 4/4
  2010 | D:3      | Reached skill level 4 in Unarmed Combat
  2033 | D:4      | Reached XP level 6. HP: 61/61 MP: 5/5
  2036 | D:4      | Found a glowing drain.
  2044 | Sewer    | Entered a sewer
  2059 | Sewer    | Noticed Pargi
  2067 | Sewer    | Killed Pargi
  2397 | D:4      | Noticed Sigmund
  2412 | D:4      | Killed Sigmund
  2413 | D:4      | Reached skill level 5 in Unarmed Combat
  2413 | D:4      | Reached XP level 7. HP: 43/68 MP: 6/6
  2463 | D:4      | Noticed Dowan
  2463 | D:4      | Noticed Duvessa
  2478 | D:4      | Killed Duvessa
  2482 | D:4      | Killed Dowan
  2542 | D:4      | Found a sacrificial altar of Ru.
  2801 | D:4      | Found a sparkling altar of Nemelex Xobeh.
  2878 | D:4      | Found a blossoming altar of Fedhas.
  3033 | D:4      | Found a runed translucent door.
  3034 | D:4      | Noticed Crazy Yiuf
  3050 | D:4      | Killed Crazy Yiuf
  3140 | D:5      | Entered Level 5 of the Dungeon
  3246 | D:5      | Found a staircase to the Ecumenical Temple.
  3250 | D:5      | Reached skill level 6 in Unarmed Combat
  3267 | D:5      | Found a glowing golden altar of the Shining One.
  3285 | D:5      | Noticed Edmund
  3295 | D:5      | Killed Edmund
  3479 | D:5      | Reached XP level 8. HP: 78/78 MP: 7/7
  3552 | D:5      | Noticed Blork the orc
  3560 | D:5      | Killed Blork the orc
  3777 | D:5      | Found a basalt altar of Yredelemnul.
  4198 | D:4      | Became a worshipper of Fedhas Madash
  4347 | Temple   | Entered the Ecumenical Temple
  4608 | D:6      | Reached skill level 5 in Shields
  4608 | D:6      | Reached skill level 7 in Unarmed Combat
  4655 | D:6      | Noticed Maggie
  4667 | D:6      | Killed Maggie
  4797 | D:6      | Reached skill level 5 in Fighting
  4797 | D:6      | Reached XP level 9. HP: 88/88 MP: 8/8
  4889 | D:6      | Reached skill level 8 in Unarmed Combat
  4904 | D:6      | Reached * piety under Fedhas
  5041 | D:6      | Noticed Eustachio
  5058 | D:6      | Killed Eustachio
  5513 | D:7      | Reached skill level 5 in Throwing
  5563 | D:7      | Found a transporter.
  5569 | D:7      | Found an opulent altar of Gozag.
  5575 | D:7      | Found a transporter.
  5583 | D:7      | Noticed a troll
  5599 | D:7      | Noticed monoptic's ghost (novice HOFi)
  5809 | D:7      | Found an ornate altar of the Wu Jian Council.
  5905 | D:7      | Reached skill level 9 in Unarmed Combat
  6274 | D:8      | Reached ** piety under Fedhas
  6354 | D:8      | Found a broken altar of Ashenzari.
  6363 | D:8      | Reached XP level 10. HP: 98/98 MP: 9/9
  6532 | D:8      | Reached skill level 1 in Armour
  6609 | D:8      | Noticed a four-headed hydra
  6636 | D:8      | Killed an eight-headed hydra
  6637 | D:8      | Reached skill level 10 in Unarmed Combat
  6752 | D:7      | Killed monoptic's ghost
  7106 | D:8      | Reached *** piety under Fedhas
  7322 | D:8      | Found a hide-covered altar of Uskayaw.
  7988 | D:9      | Reached XP level 11. HP: 107/107 MP: 10/10
  8127 | D:9      | Reached skill level 11 in Unarmed Combat
  8150 | D:9      | Found a staircase to the Lair.
  8275 | D:9      | Found an iron altar of Okawaru.
  8358 | D:9      | Reached skill level 5 in Armour
  8366 | D:9      | Reached skill level 1 in Invocations
  8689 | D:9      | Reached **** piety under Fedhas
  8816 | D:9      | Found a staircase to the Orcish Mines.
  8843 | D:10     | Entered Level 10 of the Dungeon
  8863 | D:10     | You fall into a shaft and drop 2 floors!
  8956 | D:11     | Noticed a skeletal warrior
  8956 | D:11     | Noticed a skeletal warrior
  8957 | D:11     | Noticed a skeletal warrior
  8986 | D:11     | Killed a skeletal warrior
  8992 | D:11     | Killed a skeletal warrior
  9004 | D:11     | Killed a skeletal warrior
  9446 | D:10     | Found Vogupnieph's Weapon Emporium.
  9471 | D:10     | Reached ***** piety under Fedhas
  9891 | D:10     | Found a shimmering blue altar of Sif Muna.
  9930 | D:10     | Reached skill level 12 in Unarmed Combat
 10041 | D:11     | Noticed a two-headed ogre
 10047 | D:11     | Killed a two-headed ogre
 10048 | D:11     | Reached XP level 12. HP: 42/118 MP: 11/13
 10094 | D:11     | HP: 4/118 [skeletal warrior/+0 trident (7)]
 11211 | D:12     | Noticed a two-headed ogre
 11216 | D:12     | Killed a two-headed ogre
 11224 | D:12     | Identified a scroll of acquirement
 11225 | D:12     | Acquired 1214 gold pieces
 11749 | Lair:1   | Entered Level 1 of the Lair of Beasts
 12065 | Lair:1   | Identified the +1 chain mail "Pyqu" {rPois rF- Int+6
                  | Slay+2}
 12668 | Lair:2   | Found a staircase to the Swamp.
 12842 | Lair:2   | Found a hole to the Spider Nest.
 12861 | Lair:2   | Reached skill level 13 in Unarmed Combat
 12876 | Lair:2   | Mangled by a tarantella

Illustrated notes

Levels and vault maps discovered:
D:1:      roderic_octagonal_star, layout_loops_ring
D:2:      layout_loops_ring
D:3:      layout_rooms, grunt_decor_one_mirror
D:4:      nicolae_cairo_tiling_very_big, layout_rooms,
          nicolae_overflow_crystal_walls, kennysheep_little_box,
          fedhas_altar_fruit_tree, portal_sewer_entry_f,
          uniq_crazy_yiuf_cottage, uniq_duvessa, uniq_sigmund
D:5:      layout_loops_corners, lemuel_crystal_altar,
          mainiacjoe_overflow_chevrons, minmay_temple_entry_proselytizer,
          serial_bayou_ford_a, uniq_edmund, uniq_blork_the_orc
D:6:      layout_basic, serial_undead, serial_undead_b, serial_undead_e,
          serial_undead_a, serial_undead_b, kennysheep_generic_room_8,
          uniq_maggie, uniq_eustachio
D:7:      layout_loops_ring, lemuel_crystal_altar, nzn_wu_jian_council_hall,
          nzn_ghost_randoct, grunt_ministairs_5
D:8:      nzn_winding_woodlands_small [nzn_winding_woodlands_5x15_eye,
          nzn_winding_woodlands_center_pierced_h,
          nzn_winding_woodlands_5x15_split_checker], layout_loops_cross,
          evilmike_ruin_ashenzari, lemuel_tele_altar
D:9:      layout_basic, mainiacjoe_overflow_concentric_impassable,
          hellmonk_lair_entry_icy, hiddenorc1_lemuel
D:10:     nicolae_cairo_tiling_large, layout_basic,
          mainiacjoe_overflow_small_starburst, serial_shops, shop_fountains
D:11:     layout_loops_ring, hangedman_tell_no_tales
D:12:     layout_roguey, kennysheep_generic_room_5
Temple:   jpeg_temple_clearing
Lair:1:   layout_loops_ring, nicolae_lair_run_with_the_wolves, lemuel_fruit_tree
Lair:2:   layout_hall_layers, swamp_mist, nicolae_spider_entry_lesser_pyramids,
          enter_volcano_4, cheibrodos_lair_reptile_den

Skill      XL: |  1  2  3  4  5  6  7  8  9 10 11 12 |
---------------+-------------------------------------+-----
Shields        | 3 4 5 6 7 8 |  8.8
Unarmed Combat | 3 4 5 6 7 9 10 12 13 | 13.0
Throwing       | 1 2 3 4 5 6 7 8 |  8.2
Fighting       | 3 4 5 6 7 8 |  8.0
Armour         | 4 6 7 |  7.5
Invocations    | 2 4 |  4.2
Dodging        | 3 |  3.8

Action                     |  1- 3 |  4- 6 |  7- 9 | 10-12 || total
---------------------------+-------+-------+-------+-------++-------
  Melee: Unarmed           |    93 |    83 |   277 |   559 ||  1012
  Throw: Stone             |     9 |    11 |    14 |    39 ||    73
         Javelin           |     2 |     2 |     7 |     2 ||    13
         Dart              |       |     4 |    36 |   147 ||   187
         Boomerang         |       |       |    27 |       ||    27
         Throwing net      |       |       |       |     1 ||     1
 Invoke: Wall of Briars    |       |       |       |     7 ||     7
  Evoke: Wand              |       |       |     3 |     4 ||     7
    Use: Scroll            |       |     8 |     2 |    18 ||    28
         Potion            |       |     1 |     2 |    19 ||    22
   Stab: Sleeping          |     2 |       |       |       ||     2
         Invisible         |       |       |       |     4 ||     4
         Distracted        |       |       |       |     1 ||     1
 Armour: Robe              |    28 |    26 |    18 |       ||    72
         Acid dragon scale |       |       |    21 |   166 ||   187
  Dodge: Dodged            |    24 |    20 |    68 |   129 ||   241
  Block: Kite shield       |    31 |    37 |   190 |   405 ||   663
         Reflection        |       |       |     7 |     8 ||    15

Table legend: (Time is in decaauts)
 A = Elapsed time spent in this place.
 B = Non-inter-level travel time spent in this place.
 C = Inter-level travel time spent in this place.
 D = Time resting spent in this place.
 E = Time spent auto-exploring this place.
 F = Levels seen in this place.
 G = Mean time per level.
                   A        B        C        D        E       F      G
               +--------+--------+--------+--------+--------+-----+--------+
         Total |  12772 |  11705 |   1067 |    469 |   8621 |  16 |  798.2 |
       Dungeon |  11382 |  10348 |   1034 |    376 |   7608 |  12 |  948.5 |
        Temple |    138 |    121 |     17 |      0 |    109 |   1 |  138.0 |
          Lair |   1124 |   1108 |     16 |     93 |    804 |   2 |  562.0 |
         Sewer |    126 |    126 |      0 |      0 |    100 |   1 |  126.0 |
               +--------+--------+--------+--------+--------+-----+--------+

Top non-repeatable levels by time:
     D:9: 1187 daAuts
     D:5: 1178 daAuts
     D:7: 1174 daAuts
     D:4: 1088 daAuts
    D:11: 1085 daAuts
     D:8: 1032 daAuts
    D:10: 1001 daAuts
  Lair:1: 881 daAuts
     D:6: 876 daAuts
     D:1: 821 daAuts
    D:12: 727 daAuts
     D:2: 722 daAuts
     D:3: 487 daAuts
  Lair:2: 242 daAuts
  Temple: 138 daAuts
